[ PARTIDA AOE2 · #484853845 ]
Team RMMalayos vs Persians
[ ANÁLISIS DE REPETICIÓN · EXTRAÍDO DE LA PARTIDA GRABADA ]
Feudal
7:59
Castillos
23:29
Imperial
34:33
| APM promedio | 42.9 |
| APM pico | 79 |
| eAPM promedio | 26.0 |
| Aldeanos / militares | 247 / 750 |
Foco
⚔️ 56.3% · 🌾 43.7%
Spearman ×581 · Archer ×127 · Skirmisher ×21 · Bombard Cannon ×10 · Militia ×7 · Karambit Warrior ×2
Feudal
10:35
Castillos
14:05
Imperial
35:59
| APM promedio | 24.6 |
| APM pico | 50 |
| eAPM promedio | 15.6 |
| Aldeanos / militares | 184 / 585 |
Foco
⚔️ 41.3% · 🌾 58.7%
Spearman ×358 · Knight ×116 · Scorpion ×36 · Scout Cavalry ×32 · Battering Ram ×32 · Trade Cart ×24
Feudal
8:51
Castillos
23:57
Imperial
38:45
| APM promedio | 38.9 |
| APM pico | 73 |
| eAPM promedio | 22.6 |
| Aldeanos / militares | 155 / 761 |
Foco
⚔️ 50.2% · 🌾 49.8%
Scout Cavalry ×431 · Mameluke ×277 · Trade Cart ×63 · Bombard Cannon ×21 · Archer ×17 · Trebuchet (Packed) ×10
Feudal
11:46
Castillos
15:16
Imperial
41:38
| APM promedio | 40.7 |
| APM pico | 85 |
| eAPM promedio | 24.9 |
| Aldeanos / militares | 266 / 758 |
Foco
⚔️ 40.5% · 🌾 59.5%
Spearman ×544 · Scout Cavalry ×182 · Unknown (1949) ×127 · Unknown (1942) ×46 · Unknown (1944) ×37 · Trade Cart ×16
Mapa de la partida
Recursos iniciales + cada clic de construcción. Líneas = muros · curvas = relieve. ◆ oro · ⬟ piedra · ● bayas · ✦ reliquia · ◌ hueco del cierre
Tu base· ✓ Cerrada en 23:29 · 16t muro · 5 puerta(s)
Base de Sir Deep purple 2· ✓ Cerrada en 14:05 · 0t muro · 2 puerta(s)
Base de xuân thông dhdn· ✓ Cerrada en 23:57 · 19t muro · 3 puerta(s)
Base de Applejack (Pleb)· ✓ Cerrada en 15:16 · 0t muro · 2 puerta(s)
Terreno inicial suavizado · ◌ = hueco del cierre detectado · pasá el cursor para detalles
Inputs por minuto
— daneomite (Pleb) - - Sir Deep purple 2
Build order — daneomite (Pleb)
Primeras 150 de 1238 acciones detectadas
| 0:01 | Crear | Villager (Male) |
| 0:03 | Construir | House |
| 0:05 | Construir | House |
| 0:10 | Crear | Villager (Male) |
| 0:24 | Crear | Villager (Male) |
| 0:31 | Crear | Villager (Male) |
| 1:28 | Crear | Villager (Male) |
| 1:59 | Crear | Villager (Male) |
| 2:11 | Construir | Lumber Camp |
| 2:28 | Crear | Villager (Male) |
| 2:50 | Crear | Villager (Male) |
| 3:05 | Construir | House |
| 3:10 | Crear | Villager (Male) |
| 3:34 | Crear | Villager (Male) |
| 3:54 | Crear | Villager (Male) |
| 4:21 | Crear | Villager (Male) |
| 4:21 | Crear | Villager (Male) |
| 4:22 | Crear | Villager (Male) |
| 5:02 | Crear | Villager (Male) |
| 5:14 | Construir | Mill |
| 5:39 | Investigar | Loom |
| 6:27 | Investigar | Feudal Age |
| 7:15 | Construir | Mining Camp |
| 7:49 | Construir | House |
| 7:53 | Crear | Villager (Male) |
| 7:53 | Crear | Villager (Male) |
| 7:59 | Edad | Edad Feudal |
| 8:11 | Construir | Stone Wall |
| 8:15 | Crear | Villager (Male) |
| 8:25 | Construir | Watch Tower |
| 8:29 | Crear | Villager (Male) |
| 8:37 | Construir | House |
| 9:18 | Crear | Villager (Male) |
| 9:21 | Crear | Villager (Male) |
| 9:34 | Investigar | Double-Bit Axe |
| 9:40 | Crear | Villager (Male) |
| 9:54 | Construir | Blacksmith |
| 10:04 | Crear | Villager (Male) |
| 10:12 | Crear | Villager (Male) |
| 10:41 | Construir | Watch Tower |
| 10:42 | Crear | Villager (Male) |
| 11:00 | Crear | Villager (Male) |
| 11:13 | Construir | House |
| 11:15 | Construir | House |
| 11:24 | Crear | Villager (Male) |
| 11:35 | Crear | Villager (Male) |
| 11:37 | Construir | Mining Camp |
| 11:41 | Construir | Farm |
| 11:49 | Crear | Villager (Male) |
| 12:15 | Crear | Villager (Male) |
| 12:42 | Crear | Villager (Male) |
| 13:08 | Construir | House |
| 13:09 | Construir | Farm |
| 13:19 | Construir | Mining Camp |
| 13:20 | Crear | Villager (Male) |
| 13:25 | Construir | House |
| 13:35 | Investigar | Fletching |
| 13:55 | Construir | Watch Tower |
| 13:55 | Crear | Villager (Male) |
| 13:59 | Construir | House |
| 14:05 | Construir | Palisade Wall |
| 14:11 | Construir | Palisade Wall |
| 14:14 | Construir | Palisade Wall |
| 15:08 | Construir | Market |
| 15:25 | Crear | Villager (Male) |
| 15:39 | Construir | House |
| 15:42 | Construir | House |
| 15:45 | Construir | House |
| 15:50 | Construir | House |
| 15:55 | Construir | Palisade Wall |
| 15:56 | Crear | Villager (Male) |
| 16:04 | Crear | Villager (Male) |
| 16:09 | Construir | House |
| 16:13 | Construir | Farm |
| 16:13 | Construir | Farm |
| 16:13 | Construir | Farm |
| 16:13 | Construir | Farm |
| 16:13 | Construir | Farm |
| 16:14 | Construir | Farm |
| 16:14 | Construir | Farm |
| 16:14 | Crear | Villager (Male) |
| 16:18 | Crear | Villager (Male) |
| 16:32 | Construir | Farm |
| 16:43 | Construir | Farm |
| 16:44 | Construir | Farm |
| 16:49 | Crear | Villager (Male) |
| 16:54 | Crear | Villager (Male) |
| 17:11 | Construir | Farm |
| 17:34 | Construir | Farm |
| 18:12 | Construir | House |
| 18:21 | Construir | Lumber Camp |
| 18:33 | Construir | Watch Tower |
| 18:33 | Crear | Villager (Male) |
| 18:42 | Crear | Villager (Male) ×5 |
| 18:48 | Crear | Villager (Male) |
| 18:57 | Construir | House |
| 19:01 | Crear | Villager (Male) |
| 19:04 | Crear | Villager (Male) |
| 19:09 | Construir | House |
| 19:10 | Crear | Villager (Male) |
| 19:20 | Construir | House |
| 19:21 | Crear | Villager (Male) |
| 19:22 | Crear | Villager (Male) |
| 19:34 | Crear | Villager (Male) |
| 19:34 | Crear | Villager (Male) |
| 19:44 | Construir | House |
| 19:44 | Crear | Villager (Male) |
| 19:49 | Construir | Gate |
| 19:57 | Crear | Villager (Male) |
| 20:22 | Crear | Villager (Male) |
| 20:39 | Crear | Villager (Male) |
| 20:44 | Crear | Villager (Male) |
| 20:47 | Construir | Farm |
| 21:10 | Construir | Gate |
| 21:10 | Crear | Villager (Male) |
| 21:43 | Investigar | Castle Age |
| 22:06 | Construir | House |
| 22:14 | Crear | Villager (Male) |
| 22:47 | Construir | House |
| 23:27 | Construir | House |
| 23:29 | Edad | Edad de los Castillos |
| 23:36 | Construir | Town Center |
| 23:41 | Crear | Villager (Male) |
| 24:04 | Crear | Villager (Male) |
| 24:11 | Crear | Villager (Male) |
| 24:12 | Construir | Farm |
| 24:14 | Construir | Farm |
| 24:45 | Construir | Lumber Camp |
| 24:45 | Crear | Villager (Male) |
| 24:52 | Crear | Villager (Male) |
| 25:02 | Construir | Monastery |
| 25:03 | Crear | Villager (Male) |
| 25:23 | Construir | Farm |
| 25:23 | Crear | Villager (Male) |
| 25:32 | Crear | Monk |
| 25:50 | Construir | Farm |
| 25:50 | Crear | Villager (Male) |
| 25:58 | Construir | House |
| 26:18 | Construir | Castle |
| 26:28 | Construir | Castle |
| 26:28 | Crear | Villager (Male) |
| 26:34 | Construir | Farm |
| 26:54 | Crear | Villager (Male) |
| 27:01 | Crear | Villager (Male) |
| 27:06 | Construir | Mill |
| 27:07 | Construir | Farm |
| 27:08 | Construir | Farm |
| 27:08 | Construir | Farm |
| 27:08 | Construir | Farm |
| 27:09 | Construir | Farm |
Build order — Sir Deep purple 2
Primeras 150 de 778 acciones detectadas
| 0:01 | Crear | Villager (Male) |
| 0:01 | Crear | Villager (Male) |
| 0:01 | Crear | Villager (Male) |
| 0:03 | Construir | House |
| 0:05 | Construir | House |
| 0:20 | Crear | Villager (Male) |
| 0:20 | Crear | Villager (Male) |
| 1:23 | Crear | Villager (Male) |
| 2:09 | Crear | Villager (Male) |
| 2:35 | Crear | Villager (Male) |
| 2:35 | Crear | Villager (Male) |
| 2:38 | Construir | Lumber Camp |
| 3:07 | Crear | Villager (Male) |
| 3:07 | Crear | Villager (Male) |
| 3:34 | Construir | House |
| 3:37 | Construir | House |
| 3:56 | Crear | Villager (Male) |
| 3:57 | Crear | Villager (Male) |
| 4:23 | Crear | Villager (Male) |
| 4:35 | Crear | Villager (Male) |
| 4:58 | Construir | Mill |
| 5:14 | Crear | Villager (Male) |
| 5:59 | Crear | Villager (Male) |
| 6:00 | Crear | Villager (Male) |
| 6:00 | Crear | Villager (Male) |
| 7:04 | Crear | Villager (Male) |
| 7:06 | Crear | Villager (Male) |
| 7:43 | Construir | Mill |
| 8:08 | Crear | Villager (Male) |
| 8:24 | Investigar | Feudal Age |
| 8:39 | Construir | Mining Camp |
| 9:10 | Crear | Villager (Male) |
| 9:10 | Crear | Villager (Male) |
| 10:35 | Edad | Edad Feudal |
| 10:39 | Construir | House |
| 10:44 | Investigar | Loom |
| 10:49 | Construir | Market |
| 10:52 | Construir | Blacksmith |
| 11:04 | Crear | Villager (Male) |
| 11:40 | Investigar | Castle Age |
| 11:58 | Investigar | Double-Bit Axe |
| 12:23 | Construir | Barracks |
| 13:07 | Crear | Villager (Male) |
| 13:07 | Crear | Villager (Male) |
| 13:24 | Construir | Stable |
| 13:35 | Construir | Stable |
| 13:56 | Investigar | Scale Barding Armor |
| 14:05 | Edad | Edad de los Castillos |
| 14:11 | Investigar | Bow Saw |
| 14:21 | Construir | House |
| 14:26 | Crear | Knight |
| 14:38 | Construir | Farm |
| 14:42 | Construir | Farm |
| 14:49 | Crear | Villager (Male) |
| 14:51 | Crear | Knight |
| 15:08 | Crear | Villager (Male) |
| 15:13 | Construir | Farm |
| 15:18 | Construir | Farm |
| 15:37 | Construir | House |
| 15:39 | Construir | House |
| 15:40 | Crear | Villager (Male) |
| 15:53 | Crear | Villager (Male) |
| 15:58 | Construir | Farm |
| 16:02 | Construir | Farm |
| 16:05 | Crear | Knight |
| 16:05 | Crear | Knight |
| 16:23 | Crear | Villager (Male) |
| 16:40 | Crear | Villager (Male) |
| 16:59 | Construir | Lumber Camp |
| 17:01 | Crear | Knight |
| 17:20 | Crear | Villager (Male) |
| 17:24 | Crear | Villager (Male) |
| 17:29 | Crear | Villager (Male) |
| 17:46 | Crear | Villager (Male) |
| 18:03 | Crear | Knight |
| 18:31 | Crear | Knight |
| 18:40 | Construir | House |
| 18:42 | Construir | House |
| 18:56 | Crear | Villager (Male) |
| 19:07 | Construir | Farm |
| 19:08 | Construir | Farm |
| 19:08 | Construir | Farm |
| 19:08 | Construir | Farm |
| 19:08 | Construir | Farm |
| 19:09 | Construir | Farm |
| 19:10 | Construir | Farm |
| 19:11 | Construir | Farm |
| 19:38 | Crear | Knight |
| 19:53 | Crear | Knight |
| 20:16 | Crear | Knight |
| 20:17 | Crear | Knight |
| 20:17 | Crear | Knight |
| 20:18 | Crear | Villager (Male) |
| 20:37 | Crear | Villager (Male) |
| 21:18 | Crear | Villager (Male) |
| 21:19 | Crear | Villager (Male) |
| 21:20 | Crear | Knight |
| 21:20 | Crear | Knight |
| 21:55 | Investigar | Chain Barding Armor |
| 22:03 | Crear | Villager (Male) |
| 22:03 | Crear | Villager (Male) |
| 22:11 | Crear | Knight |
| 22:12 | Crear | Knight |
| 22:12 | Crear | Knight |
| 22:26 | Construir | House |
| 22:40 | Construir | Mill |
| 22:42 | Construir | Farm |
| 22:42 | Construir | Farm |
| 22:42 | Construir | Farm |
| 22:43 | Construir | Farm |
| 22:43 | Construir | Farm |
| 22:49 | Construir | House |
| 22:50 | Construir | House |
| 23:07 | Crear | Villager (Male) |
| 23:09 | Crear | Villager (Male) |
| 23:10 | Crear | Knight |
| 23:10 | Crear | Knight |
| 23:42 | Crear | Villager (Male) |
| 23:42 | Crear | Villager (Male) |
| 23:48 | Construir | Mining Camp |
| 23:58 | Crear | Knight |
| 24:17 | Construir | Town Center |
| 24:43 | Crear | Knight |
| 24:43 | Crear | Knight |
| 24:45 | Crear | Villager (Male) |
| 24:45 | Crear | Villager (Male) |
| 24:45 | Crear | Villager (Male) |
| 25:04 | Crear | Villager (Male) |
| 25:05 | Crear | Villager (Male) |
| 25:11 | Crear | Knight |
| 25:18 | Investigar | Gold Mining |
| 25:25 | Investigar | Forging |
| 25:36 | Construir | House |
| 25:37 | Construir | House |
| 25:38 | Construir | House |
| 25:40 | Construir | House |
| 25:41 | Construir | House |
| 25:42 | Crear | Villager (Male) |
| 25:43 | Crear | Villager (Male) |
| 25:43 | Crear | Villager (Male) |
| 25:54 | Construir | Farm |
| 25:55 | Construir | Farm |
| 26:17 | Crear | Villager (Male) |
| 26:17 | Crear | Villager (Male) |
| 26:18 | Crear | Knight |
| 26:18 | Crear | Knight |
| 26:33 | Construir | Mill |
| 26:34 | Construir | Farm |
| 26:35 | Construir | Farm |
| 26:35 | Construir | Farm |
Build order — xuân thông dhdn
Primeras 150 de 877 acciones detectadas
| 0:01 | Crear | Villager (Male) |
| 0:01 | Crear | Villager (Male) |
| 0:02 | Crear | Villager (Male) |
| 0:03 | Construir | House |
| 0:04 | Construir | House |
| 0:42 | Crear | Villager (Male) |
| 0:42 | Crear | Villager (Male) |
| 1:18 | Crear | Villager (Male) |
| 1:19 | Crear | Villager (Male) |
| 1:50 | Construir | Lumber Camp |
| 2:00 | Crear | Villager (Male) |
| 2:00 | Crear | Villager (Male) |
| 2:25 | Crear | Villager (Male) |
| 2:25 | Crear | Villager (Male) |
| 3:09 | Crear | Villager (Male) |
| 3:10 | Crear | Villager (Male) |
| 3:10 | Crear | Villager (Male) |
| 3:50 | Construir | House |
| 3:56 | Crear | Villager (Male) |
| 3:56 | Crear | Villager (Male) |
| 4:18 | Construir | House |
| 4:23 | Crear | Villager (Male) |
| 4:24 | Crear | Villager (Male) |
| 4:24 | Crear | Villager (Male) |
| 4:24 | Crear | Villager (Male) |
| 5:14 | Construir | Mill |
| 5:28 | Crear | Villager (Male) |
| 5:32 | Investigar | Loom |
| 6:32 | Investigar | Feudal Age |
| 6:33 | Investigar | Feudal Age |
| 6:40 | Construir | Mining Camp |
| 8:20 | Construir | Barracks |
| 8:32 | Crear | Villager (Male) |
| 8:47 | Construir | House |
| 8:51 | Edad | Edad Feudal |
| 8:56 | Construir | Palisade Wall |
| 9:01 | Crear | Villager (Male) |
| 9:14 | Construir | Palisade Wall |
| 9:16 | Construir | Palisade Wall |
| 9:17 | Construir | Palisade Wall |
| 9:18 | Construir | Palisade Wall |
| 9:20 | Construir | Palisade Wall |
| 9:22 | Construir | Palisade Wall |
| 9:23 | Crear | Villager (Male) |
| 9:32 | Construir | Archery Range |
| 9:47 | Construir | Palisade Wall |
| 9:48 | Construir | Palisade Wall |
| 9:51 | Construir | Watch Tower |
| 10:03 | Crear | Villager (Male) |
| 10:19 | Construir | Market |
| 10:25 | Crear | Archer |
| 10:26 | Construir | House |
| 10:46 | Construir | Stone Wall |
| 10:56 | Construir | Blacksmith |
| 10:56 | Crear | Villager (Male) |
| 10:57 | Crear | Archer |
| 11:09 | Construir | Palisade Wall |
| 11:11 | Construir | Palisade Wall |
| 11:21 | Construir | Stone Wall |
| 11:22 | Construir | Palisade Wall |
| 11:43 | Investigar | Fletching |
| 11:43 | Investigar | Fletching |
| 11:59 | Crear | Archer |
| 12:03 | Construir | Watch Tower |
| 12:04 | Crear | Archer |
| 12:26 | Crear | Villager (Male) |
| 12:26 | Crear | Villager (Male) |
| 13:09 | Construir | Palisade Wall |
| 13:12 | Crear | Villager (Male) |
| 13:13 | Crear | Archer |
| 13:31 | Crear | Archer |
| 13:42 | Crear | Villager (Male) |
| 13:43 | Crear | Villager (Male) |
| 14:01 | Crear | Archer |
| 14:17 | Crear | Archer |
| 14:27 | Crear | Archer |
| 14:52 | Crear | Villager (Male) |
| 14:55 | Construir | Farm |
| 14:55 | Construir | Farm |
| 14:56 | Construir | Farm |
| 14:57 | Crear | Villager (Male) |
| 15:06 | Construir | House |
| 15:20 | Crear | Villager (Male) |
| 15:22 | Construir | Farm |
| 15:39 | Construir | House |
| 15:47 | Investigar | Double-Bit Axe |
| 15:49 | Crear | Villager (Male) |
| 15:59 | Crear | Archer |
| 16:03 | Construir | House |
| 16:39 | Construir | House |
| 16:53 | Crear | Villager (Male) |
| 16:59 | Crear | Villager (Male) |
| 17:13 | Construir | Farm |
| 17:14 | Construir | Farm |
| 17:15 | Crear | Villager (Male) |
| 17:29 | Crear | Archer |
| 17:29 | Crear | Archer |
| 17:32 | Investigar | Padded Archer Armor |
| 17:37 | Investigar | Horse Collar |
| 17:38 | Investigar | Horse Collar |
| 17:41 | Crear | Villager (Male) |
| 17:43 | Construir | Mining Camp |
| 18:05 | Construir | Farm |
| 18:12 | Crear | Archer |
| 18:32 | Crear | Villager (Male) |
| 18:34 | Construir | Farm |
| 18:36 | Construir | Farm |
| 18:37 | Crear | Villager (Male) |
| 19:33 | Construir | Farm |
| 19:34 | Crear | Villager (Male) |
| 19:41 | Crear | Archer |
| 19:56 | Crear | Villager (Male) |
| 20:38 | Crear | Villager (Male) |
| 20:43 | Construir | House |
| 21:17 | Investigar | Castle Age |
| 21:18 | Investigar | Castle Age |
| 21:35 | Crear | Archer |
| 21:47 | Construir | Palisade Wall |
| 21:57 | Investigar | Gold Mining |
| 21:57 | Investigar | Gold Mining |
| 21:59 | Crear | Archer |
| 22:36 | Crear | Archer |
| 22:37 | Crear | Villager (Male) |
| 23:14 | Investigar | Stone Mining |
| 23:57 | Edad | Edad de los Castillos |
| 23:58 | Crear | Villager (Male) |
| 24:07 | Construir | Castle |
| 24:10 | Investigar | Crossbowman (upgrade) |
| 24:11 | Investigar | Crossbowman (upgrade) |
| 24:20 | Crear | Villager (Male) |
| 24:38 | Construir | Town Center |
| 24:50 | Construir | Stone Wall |
| 24:56 | Crear | Villager (Male) |
| 25:01 | Investigar | Bow Saw |
| 25:02 | Investigar | Bow Saw |
| 25:02 | Investigar | Heavy Plow |
| 25:02 | Investigar | Heavy Plow |
| 25:23 | Construir | Town Center |
| 25:24 | Crear | Villager (Male) |
| 25:25 | Crear | Villager (Male) |
| 25:30 | Crear | Mameluke |
| 25:30 | Crear | Mameluke |
| 25:30 | Crear | Mameluke |
| 25:41 | Crear | Villager (Male) |
| 25:44 | Crear | Villager (Male) |
| 25:44 | Crear | Villager (Male) |
| 26:07 | Crear | Mameluke |
| 26:18 | Crear | Villager (Male) |
| 26:18 | Crear | Villager (Male) |
| 26:38 | Crear | Mameluke |
Build order — Applejack (Pleb)
Primeras 150 de 919 acciones detectadas
| 0:00 | Crear | Villager (Male) |
| 0:00 | Crear | Villager (Male) |
| 0:02 | Construir | House |
| 0:04 | Construir | House |
| 0:17 | Crear | Villager (Male) |
| 0:27 | Crear | Villager (Male) |
| 1:29 | Crear | Villager (Male) |
| 1:47 | Crear | Villager (Male) |
| 2:24 | Crear | Villager (Male) |
| 2:26 | Construir | Lumber Camp |
| 2:29 | Crear | Villager (Male) |
| 3:14 | Crear | Villager (Male) |
| 3:15 | Crear | Villager (Male) |
| 3:44 | Crear | Villager (Male) |
| 3:48 | Construir | House |
| 3:49 | Construir | House |
| 3:51 | Construir | House |
| 4:33 | Crear | Villager (Male) |
| 4:44 | Construir | Mill |
| 4:51 | Crear | Villager (Male) |
| 4:51 | Crear | Villager (Male) |
| 4:52 | Crear | Villager (Male) |
| 5:07 | Crear | Villager (Male) |
| 6:24 | Construir | Farm |
| 6:25 | Construir | Farm |
| 6:28 | Construir | Farm |
| 6:30 | Crear | Villager (Male) |
| 6:49 | Crear | Villager (Male) |
| 6:50 | Crear | Villager (Male) |
| 6:50 | Crear | Villager (Male) |
| 6:52 | Crear | Villager (Male) |
| 7:05 | Construir | Farm |
| 7:14 | Crear | Villager (Male) |
| 7:14 | Crear | Villager (Male) |
| 8:52 | Construir | Mining Camp |
| 9:13 | Construir | Farm |
| 9:15 | Investigar | Feudal Age |
| 9:46 | Construir | Barracks |
| 10:30 | Crear | Villager (Male) |
| 10:30 | Crear | Villager (Male) |
| 11:46 | Edad | Edad Feudal |
| 11:47 | Construir | Stable |
| 11:49 | Construir | Blacksmith |
| 11:51 | Investigar | Double-Bit Axe |
| 11:58 | Investigar | Horse Collar |
| 12:20 | Construir | Farm |
| 12:33 | Investigar | Castle Age |
| 12:40 | Crear | Scout Cavalry |
| 12:44 | Construir | House |
| 12:57 | Construir | House |
| 12:58 | Construir | House |
| 13:02 | Construir | House |
| 13:08 | Crear | Scout Cavalry |
| 13:12 | Construir | Farm |
| 13:31 | Investigar | Forging |
| 13:57 | Crear | Scout Cavalry |
| 13:58 | Crear | Villager (Male) |
| 14:11 | Crear | Scout Cavalry |
| 14:15 | Construir | Farm |
| 14:18 | Construir | Farm |
| 14:20 | Construir | Farm |
| 14:28 | Construir | Farm |
| 14:32 | Construir | House |
| 14:41 | Investigar | Scale Barding Armor |
| 14:59 | Construir | Farm |
| 15:01 | Construir | Farm |
| 15:03 | Crear | Villager (Male) |
| 15:11 | Construir | Lumber Camp |
| 15:16 | Edad | Edad de los Castillos |
| 15:26 | Construir | House |
| 15:29 | Construir | Farm |
| 15:34 | Investigar | Light Cavalry (upgrade) |
| 15:34 | Investigar | Light Cavalry (upgrade) |
| 15:49 | Construir | Farm |
| 15:51 | Crear | Villager (Male) |
| 16:14 | Crear | Villager (Male) |
| 16:32 | Crear | Unit 1944 |
| 16:47 | Crear | Villager (Male) |
| 16:47 | Crear | Villager (Male) |
| 17:02 | Construir | House |
| 17:07 | Construir | Town Center |
| 17:08 | Crear | Villager (Male) |
| 17:24 | Construir | House |
| 17:25 | Construir | House |
| 17:34 | Crear | Villager (Male) |
| 17:43 | Investigar | Bow Saw |
| 17:56 | Crear | Unit 1944 |
| 17:56 | Crear | Unit 1944 |
| 18:04 | Crear | Villager (Male) |
| 18:10 | Construir | Monastery |
| 18:31 | Construir | Monastery |
| 18:32 | Crear | Villager (Male) |
| 18:38 | Construir | House |
| 18:40 | Construir | House |
| 18:41 | Crear | Unit 1944 |
| 18:49 | Construir | Farm |
| 18:50 | Construir | Farm |
| 18:50 | Construir | Farm |
| 18:50 | Construir | Farm |
| 18:50 | Construir | Farm |
| 18:50 | Construir | Farm |
| 18:52 | Crear | Villager (Male) |
| 19:01 | Crear | Villager (Male) |
| 19:18 | Construir | House |
| 19:19 | Construir | House |
| 19:24 | Crear | Unit 1944 |
| 19:25 | Crear | Unit 1944 |
| 19:33 | Crear | Villager (Male) |
| 19:57 | Crear | Villager (Male) |
| 20:03 | Crear | Villager (Male) |
| 20:08 | Crear | Unit 1944 |
| 20:14 | Construir | Town Center |
| 20:18 | Construir | Farm |
| 20:19 | Construir | Farm |
| 20:19 | Construir | Farm |
| 20:19 | Construir | Farm |
| 20:22 | Construir | House |
| 20:23 | Construir | House |
| 20:25 | Construir | House |
| 20:27 | Crear | Villager (Male) |
| 20:36 | Crear | Villager (Male) |
| 20:38 | Crear | Villager (Male) |
| 21:06 | Crear | Unit 1944 |
| 21:06 | Crear | Unit 1944 |
| 21:07 | Crear | Villager (Male) |
| 21:07 | Crear | Villager (Male) |
| 21:12 | Crear | Villager (Male) |
| 21:15 | Construir | Farm |
| 21:15 | Construir | Farm |
| 21:19 | Construir | Lumber Camp |
| 21:22 | Construir | Farm |
| 21:25 | Crear | Villager (Male) |
| 21:45 | Crear | Monk |
| 21:48 | Crear | Villager (Male) |
| 21:56 | Investigar | Bloodlines |
| 22:04 | Crear | Villager (Male) |
| 22:10 | Construir | Stable |
| 22:11 | Crear | Villager (Male) |
| 22:11 | Crear | Villager (Male) |
| 22:33 | Crear | Villager (Male) |
| 22:33 | Crear | Villager (Male) |
| 22:36 | Crear | Unit 1944 |
| 22:36 | Crear | Unit 1944 |
| 22:44 | Crear | Villager (Male) |
| 23:16 | Investigar | Chain Barding Armor |
| 23:35 | Crear | Unit 1944 |
| 23:36 | Crear | Unit 1944 |
| 23:42 | Construir | Farm |
| 23:44 | Construir | Farm |
| 23:44 | Construir | Farm |
Cronología de la partida
| 7:59 | daneomite (Pleb) · age_up feudal |
| 8:11 | daneomite (Pleb) · wall_segment Stone Wall x1 |
| 8:20 | xuân thông dhdn · first_building Barracks |
| 8:51 | xuân thông dhdn · age_up feudal |
| 8:56 | xuân thông dhdn · wall_segment Palisade Wall x4 |
| 9:14 | xuân thông dhdn · wall_segment Palisade Wall x3 |
| 9:16 | xuân thông dhdn · wall_segment Palisade Wall x2 |
| 9:17 | xuân thông dhdn · wall_segment Palisade Wall x3 |
| 9:18 | xuân thông dhdn · wall_segment Palisade Wall x4 |
| 9:20 | xuân thông dhdn · wall_segment Palisade Wall x1 |
| 9:22 | xuân thông dhdn · wall_segment Palisade Wall x1 |
| 9:32 | xuân thông dhdn · first_building Archery Range |
| 9:46 | Applejack (Pleb) · first_building Barracks |
| 9:47 | xuân thông dhdn · wall_segment Palisade Wall x1 |
| 9:48 | xuân thông dhdn · wall_segment Palisade Wall x1 |
| 10:35 | Sir Deep purple 2 · age_up feudal |
| 10:46 | xuân thông dhdn · wall_segment Stone Wall x3 |
| 11:09 | xuân thông dhdn · wall_segment Palisade Wall x1 |
| 11:11 | xuân thông dhdn · wall_segment Palisade Wall x1 |
| 11:21 | xuân thông dhdn · wall_segment Stone Wall x1 |
| 11:22 | xuân thông dhdn · wall_segment Palisade Wall x1 |
| 11:38 | Sir Deep purple 2 · first_market_sell 100 wood |
| 11:46 | Applejack (Pleb) · age_up feudal |
| 11:47 | Applejack (Pleb) · first_building Stable |
| 12:23 | Sir Deep purple 2 · first_building Barracks |
| 13:09 | xuân thông dhdn · wall_segment Palisade Wall x1 |
| 13:24 | Sir Deep purple 2 · first_building Stable |
| 13:31 | xuân thông dhdn · first_market_sell 100 wood |
| 14:05 | daneomite (Pleb) · wall_segment Palisade Wall x6 |
| 14:05 | Sir Deep purple 2 · age_up castle |
| 14:11 | daneomite (Pleb) · wall_segment Palisade Wall x7 |
| 14:14 | daneomite (Pleb) · wall_segment Palisade Wall x1 |
| 15:01 | xuân thông dhdn · first_market_buy 100 stone |
| 15:16 | Applejack (Pleb) · age_up castle |
| 15:33 | daneomite (Pleb) · first_market_buy 100 food |
| 15:55 | daneomite (Pleb) · wall_segment Palisade Wall x1 |
| 16:43 | Sir Deep purple 2 · first_market_buy 100 food |
| 18:10 | Applejack (Pleb) · first_building Monastery |
| 21:47 | xuân thông dhdn · wall_segment Palisade Wall x1 |
| 23:29 | daneomite (Pleb) · age_up castle |
| 23:57 | xuân thông dhdn · age_up castle |
| 24:07 | xuân thông dhdn · first_building Castle |
| 24:50 | xuân thông dhdn · wall_segment Stone Wall x1 |
| 25:02 | daneomite (Pleb) · first_building Monastery |
| 26:18 | daneomite (Pleb) · first_building Castle |
| 27:28 | xuân thông dhdn · first_building Monastery |
| 27:51 | Applejack (Pleb) · first_building Archery Range |
| 28:16 | Applejack (Pleb) · first_building Castle |
| 29:37 | xuân thông dhdn · tribute_sent a jugador 1 |
| 29:37 | xuân thông dhdn · tribute_sent a jugador 2 |
| 29:37 | xuân thông dhdn · tribute_sent a jugador 4 |
| 29:50 | Sir Deep purple 2 · first_building Castle |
| 30:02 | xuân thông dhdn · first_building Stable |
| 30:38 | daneomite (Pleb) · first_building Barracks |
| 31:40 | daneomite (Pleb) · first_building Archery Range |
| 31:47 | Applejack (Pleb) · first_building Siege Workshop |
| 34:33 | daneomite (Pleb) · age_up imperial |
| 35:35 | daneomite (Pleb) · first_market_sell 100 wood |
| 35:59 | Sir Deep purple 2 · age_up imperial |
| 38:45 | xuân thông dhdn · age_up imperial |
| 39:43 | xuân thông dhdn · tribute_sent a jugador 1 |
| 39:43 | xuân thông dhdn · tribute_sent a jugador 2 |
| 39:43 | xuân thông dhdn · tribute_sent a jugador 4 |
| 40:55 | daneomite (Pleb) · first_building Siege Workshop |
| 41:38 | Applejack (Pleb) · age_up imperial |
| 45:51 | Applejack (Pleb) · first_market_sell 500 food |
| 46:00 | Applejack (Pleb) · first_market_buy 100 food |
| 52:35 | Sir Deep purple 2 · first_building Siege Workshop |
| 60:47 | xuân thông dhdn · first_building Siege Workshop |
| 62:40 | xuân thông dhdn · wall_segment Stone Wall x6 |
| 62:41 | xuân thông dhdn · wall_segment Stone Wall x4 |
| 62:42 | xuân thông dhdn · wall_segment Stone Wall x3 |
| 62:54 | xuân thông dhdn · wall_segment Stone Wall x12 |
| 62:55 | xuân thông dhdn · wall_segment Stone Wall x10 |
| 62:57 | xuân thông dhdn · wall_segment Stone Wall x8 |
| 63:00 | Sir Deep purple 2 · wall_segment Stone Wall x16 |
| 65:20 | Sir Deep purple 2 · wall_segment Stone Wall x36 |
| 76:59 | xuân thông dhdn · tribute_sent a jugador 1 |
| 76:59 | xuân thông dhdn · tribute_sent a jugador 2 |
| 76:59 | xuân thông dhdn · tribute_sent a jugador 4 |
| 77:10 | Applejack (Pleb) · resign |
[ ANÁLISIS IA · 1 CRÉDITO ]
¿Qué pasó realmente en esta partida?
Wolo.gg analiza cada decisión: build order, eco, micro, errores típicos por bracket. Análisis personalizado por WhatsApp o Discord en 30 segundos.
Guía civ
Malayos
Guía mapa
Arena
Perfil
Jugador #464411